 Dungeon Crawl Stone Soup version 0.31-a0-455-g1a7b003ef0 (webtiles) character file.

Game seed: 3346974086386862171

46 jasper the Shield-Bearer (level 3, -2/29 HPs)
             Began as a Human Fighter on Aug 3, 2023.
             Slain by a gnoll
             ... wielding a +0 halberd
              (6 damage)
             ... on level 2 of the Dungeon.
             The game lasted 00:02:09 (1155 turns).

jasper the Shield-Bearer (Human Fighter)            Turns: 1155, Time: 00:02:09

Health: -2/29      AC:  6    Str: 18    XL:     3   Next: 92%
Magic:  3/3        EV:  9    Int:  8    God:
Gold:   61         SH:  4    Dex: 12    Spells: 2/2 levels left

rFire   . . .        f - +0 whip (venom)
rCold   . . .        c - +0 buckler
rNeg    . . .        b - +0 scale mail
rPois   .            (no helmet)
rElec   .            (no cloak)
rCorr   .            (no gloves)
SInv    .            (no boots)
Will    .....        (no amulet) Stlth
                     (no ring)
HPRegen 0.24/turn    (no ring)
MPRegen 0.08/turn

%: no passive effects
@: mighty
A: no striking features
a: no special abilities


You were on level 2 of the Dungeon.
You visited 1 branch of the dungeon, and saw 2 of its levels.

You collected 61 gold pieces.

Inventory:

Hand Weapons
 a - a +0 flail
 f - a +0 whip of venom (weapon)
Missiles
 e - 3 poisoned darts
Armour
 b - a +0 scale mail (worn)
 c - a +0 buckler (worn)
Potions
 d - a potion of might
 g - a potion of cancellation {unknown}
 h - a potion of enlightenment {unknown}


   Skills:
 + Level 3.3 Fighting
 * Level 2.9 Maces & Flails
 + Level 3.3 Armour
 + Level 3.3 Shields


You had 2 spell levels left.
You didn't know any spells.
Your spell library contained the following spells:

 Spells                   Type           Power      Damage    Failure   Level
 Freeze                   Ice            0%         1d3       86%         1
 Frozen Ramparts          Ice            0%         1d1       99%         3
 Hailstorm                Conj/Ice       0%         3d3       99%         3


Dungeon Overview and Level Annotations

Branches:
Dungeon (2/15)

Altars:


Message History

There is a stone staircase leading up here.
You open the door.
There is an open door here.
You now have 61 gold pieces (gained 10).
An endoplasm comes into view.
The endoplasm quivers.
An endoplasm is nearby!
An endoplasm is nearby!
The endoplasm barely misses you.
You barely miss the endoplasm. The endoplasm barely misses you.
You barely miss the endoplasm. The endoplasm closely misses you.
You hit the endoplasm.
You kill the endoplasm!
Found a dagger.
A gnoll comes into view. It is wielding a +0 halberd.
The gnoll shouts!
A gnoll comes into view. It is wielding a +0 spear.
Found 5 stones.
The gnoll shouts!
You hear an angry hiss.
A gnoll comes into view. It is wielding a +0 flail.
A frilled lizard comes into view.
You feel very mighty all of a sudden.
The gnoll hits you from afar with a +0 halberd!
You take 10 damage, and have 19/29 hp.
MASSIVE DAMAGE!!
The gnoll hits you from afar with a +0 spear.
You block the gnoll's attack.
You take 3 damage, and have 16/29 hp.
You hit the gnoll.
The gnoll is poisoned.
The gnoll is lightly wounded.
The gnoll closely misses you. You block the gnoll's attack.
You whack the gnoll!
The gnoll is severely wounded.
The gnoll hits you with a +0 halberd!
* * * LOW HITPOINT WARNING * * *
You take 12 damage, and have 4/29 hp.
MASSIVE DAMAGE!!
You closely miss the gnoll.
The gnoll is severely wounded.
The gnoll hits you but does no damage. The gnoll attacks as you move away!
The gnoll hits you with a +0 halberd.
You die...

...>#
#.......#.'.....).......
....#
#..######.#........#....
....####..# #.#........#
... ..........#
#.#........# .
#..<....#.# #.#........#
#.......#.# #.##########
#.......#.# #........
#.......#.# #........
###'#####.# #@#......
#.......# #g##.####
######### #g# ..#
####g###.# #...l....#
#.##.####### #
#........# #.#.####.#
#.....#


You could see 3 gnolls and a frilled lizard.

Vanquished Creatures
  A gnoll (D:1)
  An adder (D:2)
  3 endoplasms
  2 giant cockroaches (D:1)
  2 goblins
  4 hobgoblins
  2 quokkas (D:1)
  4 bats (D:1)
  A frilled lizard (D:1)
  3 kobolds
  2 rats (D:1)
25 creatures vanquished.

Notes
Turn   | Place    | Note
-------+----------+-------------------------------------------
     0 | D:1      | jasper the Human Fighter began the quest for the Orb.
     0 | D:1      | Reached XP level 1. HP: 18/18 MP: 1/1
   238 | D:1      | Reached XP level 2. HP: 24/24 MP: 2/2
   790 | D:1      | Reached XP level 3. HP: 25/29 MP: 3/3
  1155 | D:2      | Slain by a gnoll

Illustrated notes

Levels and vault maps discovered:
D:1:      heliophobic_arrival_enchanted_forest, layout_loops_corners
D:2:      kennysheep_the_goblin_king, layout_basic, kennysheep_generic_room_5,
          uniq_sigmund

Action                     || total
---------------------------++-------
  Melee: Flail             ||    20
         Whip              ||    58
    Use: Potion            ||     1
 Armour: Scale mail        ||    43
  Dodge: Dodged            ||    30
  Block: Buckler           ||    10

Table legend: (Time is in decaauts)
 A = Elapsed time spent in this place.
 B = Non-inter-level travel time spent in this place.
 C = Inter-level travel time spent in this place.
 D = Time resting spent in this place.
 E = Time spent auto-exploring this place.
 F = Levels seen in this place.
 G = Mean time per level.
                   A        B        C        D        E       F      G
               +--------+--------+--------+--------+--------+-----+--------+
         Total |   1166 |   1145 |     21 |      0 |    906 |   2 |  583.0 |
       Dungeon |   1166 |   1145 |     21 |      0 |    906 |   2 |  583.0 |
               +--------+--------+--------+--------+--------+-----+--------+

Top non-repeatable levels by time:
     D:1: 994 daAuts
     D:2: 172 daAuts
